 Dungeon Crawl Stone Soup version 0.16.1 (webtiles) character file.

17647 Meow the Fighter (level 12, -2/92 HPs)
             Began as an Octopode Wizard on Mar 25, 2015.
             Was a High Priest of Okawaru.
             Slain by an eight-headed hydra (13 damage)
             ... on level 3 of the Lair of Beasts.
             The game lasted 01:31:18 (16419 turns).

Meow the Fighter (Octopode Wizard)                 Turns: 16419, Time: 01:31:18

Health: -2/92      AC:  7    Str:  7    XL:     12   Next: 50%
Magic:  11/22      EV: 17    Int: 24    God:    Okawaru [*****.]
Gold:   709        SH:  0    Dex: 10    Spells: 6 memorised, 6 levels left

rFire  + . .     SeeInvis .     D - +9 quarterstaff of Makhleb's Esteem {crush, rElec rF+}
rCold  + . .     Clarity  +     (no shield)
rNeg   + . .     SustAb   +     c - +2 hat {MR+}
rPois  +         Gourm    .     (no amulet)
rElec  +         Spirit   .     i - ring of sustain abilities
rCorr  .         Warding  .     l - +2 ring of slaying
rMut   .         Stasis   .     C - ring of teleport control
MR     +....                    j - ring of flight
Stlth  +++.......               M - ring of protection from cold
                                k - ring of positive energy
                                a - ring of poison resistance
                                (no ring)

@: very slightly contaminated, repel missiles, somewhat resistant to hostile
enchantments, fairly stealthy
A: almost no armour, amphibious, 8 rings, constrict 8, antennae 1, beak, rough
black scales 1, camouflage 1, clarity, gelatinous body 1, placid magic 1
a: Heroism, Finesse, Renounce Religion, Evoke Flight, Evoke Teleport Control


You were on level 3 of the Lair of Beasts.
You worshipped Okawaru.
Okawaru was extremely pleased with you.
You were hungry.

You visited 3 branches of the dungeon, and saw 14 of its levels.

You collected 709 gold pieces.

Inventory:

Hand weapons
 D - the +9 quarterstaff of Makhleb's Esteem (weapon) {crush, rElec rF+}
   (You found it on level 9 of the Dungeon)

   It inflicts extra damage upon your enemies.
   It protects you from fire.
   It insulates you from electricity.
 Y - a +3 trident of protection
Armour
 c - a +2 hat of magic resistance (worn)
 V - a +2 shield of reflection
Jewellery
 a - a ring of poison resistance (on tentacle)
 i - a ring of sustain abilities (left tentacle)
 j - a ring of flight (on tentacle)
 k - a ring of positive energy (on tentacle)
 l - a +2 ring of slaying (right tentacle)
 C - a ring of teleport control (on tentacle)
 M - a ring of protection from cold (on tentacle)
Magical devices
 b - a wand of draining (0)
 n - a wand of flame (13)
 B - a wand of frost (27)
 F - a wand of fire (5)
 L - a wand of cold (6)
 P - a wand of fireball (3)
 W - a wand of polymorph (12)
 Z - a wand of heal wounds (2)
Scrolls
 e - a scroll of teleportation
 m - 3 scrolls of remove curse
 o - 5 scrolls of enchant weapon
 p - 4 scrolls of amnesia
 s - a scroll of enchant armour
 v - 3 scrolls of blinking
 x - 4 scrolls of fog
 y - 8 scrolls of identify
 E - a scroll of recharging
 X - 2 scrolls of fear
Potions
 r - a potion of brilliance
 t - 3 potions of curing
 w - a potion of resistance {unknown}
 A - 2 potions of agility
 G - a potion of heal wounds {unknown}
 K - 2 potions of restore abilities
 S - a potion of degeneration {unknown}
 U - a potion of haste {unknown}
Books
 g - a book of Power

   Spells                             Type                      Level
   a - Fulminant Prism                Conjuration/Hexes            4
   b - Iskenderun's Mystic Blast      Conjuration                  4
   c - Venom Bolt                     Conjuration/Poison           5
   d - Bolt of Magma                  Conjuration/Fire/Earth       5
   e - Iron Shot                      Conjuration/Earth            6
   f - Orb of Destruction             Conjuration                  7
   g - Spellforged Servitor           Conjuration/Summoning        7
 z - a book of Clouds

   Spells                             Type                      Level
   a - Mephitic Cloud                 Conjuration/Poison/Air       3
   b - Conjure Flame                  Conjuration/Fire             3
   c - Poisonous Cloud                Conjuration/Poison/Air       6
   d - Freezing Cloud                 Conjuration/Ice/Air          6
   e - Ring of Flames                 Charms/Fire                  7
 N - a book of Minor Magic

   Spells                             Type                      Level
   a - Magic Dart                     Conjuration                  1
   b - Blink                          Translocation                2
   c - Call Imp                       Summoning                    2
   d - Repel Missiles                 Charms/Air                   2
   e - Slow                           Hexes                        2
   f - Conjure Flame                  Conjuration/Fire             3
   g - Mephitic Cloud                 Conjuration/Poison/Air       3
 O - a book of the Dragon

   Spells                             Type                      Level
   a - Flight                         Charms/Air                   3
   b - Cause Fear                     Hexes                        4
   c - Bolt of Fire                   Conjuration/Fire             6
   d - Dragon Form                    Transmutation                7
   e - Dragon's Call                  Summoning                    9
Comestibles
 d - 9 bread rations
 f - 2 royal jellies
 q - a beef jerky
 u - 4 meat rations
 J - 9 slices of pizza
 R - a fruit


   Skills:
 + Level 12.5 Fighting
   Level 4.4 Long Blades
 - Level 0.4 Staves
 + Level 11.6 Dodging
 - Level 2.6 Stealth
 - Level 10.1 Unarmed Combat
 - Level 4.0 Spellcasting
 - Level 3.2 Conjurations
   Level 1.0 Summonings
 - Level 1.0 Translocations


You had 6 spell levels left.
You knew the following spells:

 Your Spells              Type           Power        Failure   Level  Hunger
a - Magic Dart            Conj           ##..         1%          1    None
c - Mephitic Cloud        Conj/Pois/Air  #.......     11%         3    ##.....
f - Repel Missiles        Chrm/Air       #.....       7%          2    #......
s - Slow                  Hex            #.......     7%          2    #......
t - Blink                 Tloc           N/A          5%          2    #......
F - Conjure Flame         Conj/Fire      #.......     9%          3    ##.....


Dungeon Overview and Level Annotations

Branches:
Dungeon (10/15)            Temple (1/1) D:4            Lair (3/8) D:10
  Swamp (0/5) Lair:3
  Snake: Lair:3-6    Spider: Lair:3-6       Orc: D:9-12

Altars:
Ashenzari
Cheibriados
Dithmenos
Elyvilon
Fedhas
Gozag
Kikubaaqudgha
Makhleb
Nemelex Xobeh
Okawaru
Qazlal
Ru
Sif Muna
Trog
Vehumet
Xom
Yredelemnul
Zin
The Shining One

Shops:
D:4 }   D:6 (:[%   D:8 }

Annotations:
D:1 1 exclusion
D:3 chequers' ghost, average HaFi
D:5 Menkaure
Abyss:1 Psyche


Innate Abilities, Weirdness & Mutations

You cannot wear most types of armour.
You are amphibious.
You can wear up to eight rings at the same time.
You can use your tentacles to constrict many enemies at once.
Your skin changes colour to match your surroundings (Stealth).
Your rubbery body absorbs attacks (AC +1).
You have a pair of small antennae on your head.
You have a beak for a mouth.
You are partially covered in rough black scales (AC +4, Dex -1).
You possess an exceptional clarity of mind.
Your spells are a little easier to cast, but a little less powerful.


Message History

Press: ? - help, Shift-Dir - straight line, f/p - eight-headed hydra
Aim: an eight-headed hydra (severely wounded)
The bolt of cold hits the eight-headed hydra.
The eight-headed hydra is almost dead.
This wand has 6 charges left.
Casting: Mephitic Cloud
Confirm with . or Enter, or press ? or * to list all spells.
You miscast Blink.
You catch a glimpse of the back of your own head.
The eight-headed hydra bites you but does no damage. x2
The eight-headed hydra bites you.
* * * LOW HITPOINT WARNING * * *
The eight-headed hydra barely misses you.
The eight-headed hydra bites you.
* * * LOW HITPOINT WARNING * * *
The eight-headed hydra bites you!
* * * LOW HITPOINT WARNING * * *
The eight-headed hydra completely misses you.
The eight-headed hydra bites you!
You die...

### ### ##.## ###.## ####.#.###
# .....# #........# ##.##
....P## ##.....@..# .P....
.....P####.......D.# #......
.....###...#......†####........
.....#....##.........#...#
.....'...###.........†.#.......
.....##### #.......#.### #....
##...# ........### ### #...##
#.......# ....# ######..##


You could see an eight-headed hydra.

Vanquished Creatures
  Fannar (Lair:2)
  4 hill giants
  Pikel (D:9)
  4 spiny frogs
  2 trolls
  A komodo dragon (Lair:1)
  2 trapdoor spider zombies
  Grinder (D:5)
  Prince Ribbit (D:9)
  2 blink frogs
  20 yaks
  A wraith (D:9)
  A spriggan (D:9)
  Grum (D:8)
  3 hippogriffs
  3 wolves
  Edmund (D:8)
  A water moccasin (Lair:3)
  4 porcupines
  2 black bears
  3 centaurs
  3 ice beasts (D:7)
  A phantom (D:6)
  6 ogres
  2 crocodiles
  3 orc warriors
  An eye of draining (D:10)
  A necrophage (D:6)
  Sigmund (D:5)
  A big kobold (D:10)
  Duvessa (D:6)
  15 giant frogs
  2 electric eels (D:10)
  A scorpion (D:5)
  5 killer bees
  5 wights (D:7)
  2 goliath beetles
  Dowan (D:6)
  A centaur zombie (D:8)
  6 crimson imps
  Crazy Yiuf (D:6)
  3 orc priests
  15 hounds
  A quasit (D:9)
  2 giant frog zombies
  2 jellies
  4 orc wizards
  2 giant frog skeletons
  12 worker ants
  Natasha (D:5)
  5 iguanas
  A hound zombie (D:7)
  13 gnolls
  A worker ant zombie (D:10)
  8 adders
  A worm (D:1)
  3 shadow imps
  An adder skeleton (D:8)
  5 giant geckos
  3 oozes
  15 orcs
  5 ball pythons
  A bat zombie (D:6)
  2 giant cockroaches
  8 goblins
  17 hobgoblins
  7 quokkas
  9 bats
  A giant newt (D:2)
  A hobgoblin zombie (D:9)
  10 jackals (D:6)
  A jackal zombie (D:7)
  11 kobolds
  A quokka skeleton (D:6)
  12 rats
302 creatures vanquished.

Vanquished Creatures (collateral kills)
  A killer bee (D:10)
1 creature vanquished.

Vanquished Creatures (others)
  3 slaves (D:9)
  A killer bee (D:10)
  2 orc wizards
  An orc priest (D:4)
  An orc (D:4)
  A giant spore (D:5)
  A fungus (Lair:3)
10 creatures vanquished.

Grand Total: 313 creatures vanquished

Notes
Turn   | Place    | Note
--------------------------------------------------------------
     0 | D:1      | Meow, the Octopode Wizard, began the quest for the Orb.
     0 | D:1      | Reached XP level 1. HP: 11/11 MP: 4/4
   515 | D:1      | Reached XP level 2. HP: 18/18 MP: 4/6
   673 | D:1      | You fall through a shaft!
   688 | D:2      | Reached skill level 1 in Unarmed Combat
   690 | D:2      | Reached skill level 1 in Fighting
   942 | D:1      | Reached XP level 3. HP: 23/23 MP: 1/7
   947 | D:1      | Learned a level 3 spell: Mephitic Cloud
  1158 | D:1      | Learned a level 3 spell: Conjure Flame
  1262 | D:1      | Gained mutation: You have a beak for a mouth. [potion of mutation]
  1262 | D:1      | Gained mutation: You have a pair of small antennae on your head. [potion of mutation]
  1262 | D:1      | Gained mutation: You possess an exceptional clarity of mind. [potion of mutation]
  1450 | D:2      | Found an ancient bone altar of Kikubaaqudgha.
  1773 | D:2      | Reached XP level 4. HP: 25/29 MP: 0/9
  2021 | D:2      | Gained mutation: Your spells are a little easier to cast, but a little less powerful. [potion of mutation]
  2021 | D:2      | Gained mutation: You are partially covered in rough black scales (AC +4, Dex -1). [potion of mutation]
  2189 | D:3      | Found a radiant altar of Vehumet.
  2264 | D:3      | Learned a level 2 spell: Blink
  2414 | D:3      | Noticed chequers' ghost (average HaFi)
  2546 | D:4      | Reached XP level 5. HP: 25/35 MP: 7/11
  2770 | D:4      | Found Giaqag's Gadget Boutique.
  2781 | D:4      | Found an iron altar of Okawaru.
  2982 | D:4      | Found a staircase to the Ecumenical Temple.
  2991 | Temple   | Entered the Ecumenical Temple
  3103 | D:4      | Became a worshipper of Warmaster Okawaru
  3141 | D:5      | Entered Level 5 of the Dungeon
  3306 | D:5      | Noticed a centaur
  3507 | D:5      | Noticed Grinder
  3507 | D:5      | Paralysed by Grinder for 6 turns
  3829 | D:6      | Found Blotugit's Antique Weapon Shoppe.
  3841 | D:6      | Reached skill level 1 in Long Blades
  3841 | D:6      | Reached XP level 6. HP: 42/42 MP: 4/12
  3845 | D:6      | Learned a level 2 spell: Repel Missiles
  4019 | D:6      | Noticed an ogre
  4020 | D:6      | Found Zaddeal's Book Boutique.
  4049 | D:6      | Found a glowing silver altar of Zin.
  4149 | D:6      | Found a basalt altar of Yredelemnul.
  4159 | D:6      | Noticed a necrophage
  4175 | D:6      | Killed a necrophage
  4277 | D:6      | Found Goqim's Food Shoppe.
  4316 | D:6      | Reached skill level 4 in Dodging
  4456 | D:6      | Acquired Okawaru's first power
  4456 | D:6      | Reached XP level 7. HP: 37/47 MP: 10/14
  4672 | D:6      | Noticed Dowan
  4673 | D:6      | Noticed Duvessa
  4683 | D:6      | Killed Dowan
  4696 | D:6      | Killed Duvessa
  4968 | D:6      | Found a sparkling altar of Nemelex Xobeh.
  4976 | D:6      | Noticed a phantom
  4998 | D:6      | Killed a phantom
  5087 | D:6      | Found Psoem's Antique Armour Shop.
  5424 | D:6      | Killed an ogre
  5424 | D:6      | Reached skill level 5 in Dodging
  5424 | D:6      | Reached XP level 8. HP: 54/54 MP: 10/16
  5502 | D:5      | Killed Grinder
  5525 | D:5      | Found a blossoming altar of Fedhas.
  5540 | D:5      | Killed a centaur
  5540 | D:5      | Reached skill level 5 in Fighting
  5540 | D:5      | Reached skill level 5 in Unarmed Combat
  5746 | D:5      | Noticed Sigmund
  5764 | D:5      | Killed Sigmund
  5836 | D:5      | Noticed Menkaure
  5936 | D:4      | Found a burning altar of Makhleb.
  6020 | D:4      | Noticed an ogre
  6039 | D:4      | Killed an ogre
  6587 | D:5      | Reached skill level 6 in Dodging
  6630 | D:5      | Reached XP level 9. HP: 55/61 MP: 11/17
  6874 | D:5      | Noticed Natasha
  7081 | D:5      | Killed Natasha
  7510 | D:4      | Reached skill level 10 in Fighting
  7510 | D:4      | Reached XP level 10. HP: 67/76 MP: 18/18
  7700 | D:6      | Noticed Crazy Yiuf
  7708 | D:6      | Killed Crazy Yiuf
  8467 | D:7      | Found a deep blue altar of Sif Muna.
  8526 | D:7      | Found a glowing silver altar of Zin.
  8957 | D:8      | Noticed Psyche
  8959 | D:8      | Banished Psyche
  9017 | D:8      | Noticed Edmund
  9028 | D:8      | Killed Edmund
  9044 | D:8      | Found Fraox's Gadget Shoppe.
  9264 | D:8      | Learned a level 2 spell: Slow
  9475 | D:8      | Found an opulent altar of Gozag.
  9554 | D:8      | Noticed Grum
  9557 | D:8      | Found a bloodstained altar of Trog.
  9571 | D:8      | Killed Grum
  9803 | D:9      | Got a polished quarterstaff
  9804 | D:9      | Identified the +9 quarterstaff of Makhleb's Esteem {crush, rElec rF+} (You found it on level 9 of the Dungeon)
  9839 | D:9      | Noticed a hill giant
  9886 | D:9      | Found a white marble altar of Elyvilon.
  9886 | D:9      | Noticed Pikel
  9903 | D:9      | Killed Pikel
  9903 | D:9      | Reached XP level 11. HP: 68/81 MP: 17/21
  9922 | D:9      | Noticed Prince Ribbit
  9964 | D:10     | Entered Level 10 of the Dungeon
 10169 | D:10     | Noticed a hill giant
 10170 | D:10     | Found a staircase to the Lair.
 10231 | D:9      | Found a shimmering altar of Xom.
 10298 | D:9      | Found a shimmering altar of Xom.
 10299 | D:9      | Found a shimmering altar of Xom.
 10299 | D:9      | Found a shimmering altar of Xom.
 10299 | D:9      | Found a shimmering altar of Xom.
 10299 | D:9      | Found a shimmering altar of Xom.
 10342 | D:9      | Found a white marble altar of Elyvilon.
 10362 | D:9      | Killed Prince Ribbit
 10562 | D:9      | Received a gift from Okawaru
 10714 | D:9      | Acquired Okawaru's second power
 10781 | D:9      | Received a gift from Okawaru
 10786 | D:9      | Reached skill level 11 in Fighting
 11288 | D:9      | Killed a hill giant
 11484 | D:9      | Reached skill level 10 in Dodging
 11787 | D:10     | Killed a hill giant
 12040 | D:10     | Noticed a hill giant
 12138 | D:10     | Noticed a hill giant
 12330 | D:10     | Killed a hill giant
 12984 | D:10     | Killed a hill giant
 13293 | Lair:1   | Entered Level 1 of the Lair of Beasts
 13567 | Lair:1   | Reached skill level 10 in Unarmed Combat
 13817 | D:10     | Reached XP level 12. HP: 51/90 MP: 14/22
 14881 | Lair:2   | Noticed Fannar
 14897 | Lair:2   | Killed Fannar
 14897 | Lair:2   | Reached skill level 12 in Fighting
 15404 | Lair:2   | Received a gift from Okawaru
 15912 | Lair:3   | Found a staircase to the Swamp.
 16415 | Lair:3   | Noticed an eight-headed hydra
 16419 | Lair:3   | Slain by an eight-headed hydra

Action                   |  1- 3 |  4- 6 |  7- 9 | 10-12 || total
-------------------------+-------+-------+-------+-------++-------
Melee: Club              |    24 |       |       |       ||    24
       Unarmed           |     3 |       |       |       ||     3
       Mace              |     9 |       |       |       ||     9
       Long sword        |     8 |    69 |    83 |       ||   160
       Scythe            |       |       |    43 |       ||    43
       Trident           |       |       |       |   173 ||   173
       Quarterstaff      |       |       |       |   160 ||   160
       Flail             |       |       |       |   168 ||   168
 Fire: Shortbow          |       |       |    25 |    24 ||    49
Throw: Tomahawk          |     8 |     1 |     6 |       ||    15
 Cast: Magic Dart        |    41 |    82 |    50 |   129 ||   302
       Mephitic Cloud    |     3 |     7 |    26 |   113 ||   149
       Conjure Flame     |       |     3 |       |    23 ||    26
       Repel Missiles    |       |     1 |       |     1 ||     2
       Blink             |       |       |     2 |    20 ||    22
Evoke: Wand              |       |       |       |    19 ||    19
  Use: Potion            |     3 |     2 |     4 |     7 ||    16
       Scroll            |       |       |     3 |    13 ||    16
 Stab: Sleeping          |     1 |       |     2 |     7 ||    10
       Confused          |       |     5 |     7 |    28 ||    40
  Eat: Chunk             |     1 |    10 |    10 |    37 ||    58
       Beef jerky        |       |     1 |     1 |       ||     2
       Pizza             |       |       |       |     1 ||     1
